Workbook
Name 吉2_SRB321: 'SRB321'!$B$1:$G$115

Sheet 前審附表16-2
A1: 姓名 | B1: 買進股數 (仟股) | C1: 買進金額 （仟元） | D1: 每股買進均價 （元） | E1: 賣出股數 (仟股) | F1: 賣出金額 （仟元） | G1: 每股賣出均價 （元）
A2: 翁秋南 | B2: 3100.3553 | C2: 228431.3 | D2: 73.679073 | E2: 3101.3513 | F2: 225475.67 | G2: 72.702396
A3: 鄭光育 | B3: 11241.101 | C3: 777626.45 | D3: 69.177073 | E3: 11869.241 | F3: 813471.83 | G3: 68.53613
F6: 翁秋南 | G6: 鄭光育
A7: 已實現獲利(虧損)(仟元):
A8: 實際獲利(損失)金額 = | F8: -3028.0455 | G8: -7204.9001
A9: (每股賣出均價－每股買進均價）x 買進股數
A10: 調整：現金股利（註） | F10: 971.94558 | G10: 874.60126
A11: 調整：交易成本
A12: 手續費（買進股數 x（每股買進均價+每股賣出均價） x 0.1425%） | F12: -646.71424 | G12: -2205.9684
A13: 交易稅（買進股數 x 每股平均賣價 x 0.3%） | F13: -676.20976 | G13: -2311.2646
A14: 小計（仟元）： | F14: -3379.0239 | G14: -10847.532
A16: 擬制獲利（虧損）（仟元）：
A17: 97/03/04期初收盤價格 | F17: 71.6 | G17: 71.6
A18: 賣超股數（賣出股數 - 買進股數） | F18: 0.99602596 | G18: 628.1399
A19: 擬制性獲利（虧損）金額 = | F19: 1.0980147 | G19: -1924.539
A20: （每股賣出均價-期初收盤價格作為買價）x 賣超股數
A21: 調整：交易成本
A22: 手續費（賣超股數 x（期初收盤價 + 每股賣出均價） x 0.1425%） | F22: -0.20481373 | G22: -125.43576
A23: 交易稅（每股賣出均價 x 賣超股數 x 0.3%） | F23: -0.21724042 | G23: -129.15083
A24: 小計（仟元）： | F24: 0.67596058 | G24: -2179.1256
A25: 合計（仟元）： | F25: -3378.3479 | G25: -13026.657
A27: 註：前開計算已依據除權、除息等情形調整（查核期間97年8月11日現金股利每股1.49767049元）故所發放股利金額分別為972千元、875千元（即97/03/05至97/08/10累計買超股數649千股、584千股 x 每股股利1.49767049元）

Sheet 本審附表十七之一
A1: 姓名 | B1: 犯罪起訖日 | C1: 買進股數 （股） | D1: 買進金額 （元） | E1: 每股買進均價 （元） | F1: 賣出股數 （股） | G1: 賣出金額 （元） | H1: 每股賣出均價 （元）
A2: 翁秋南 | B2: 97/03/05－97/11/30 | C2: ='SRB321'!D9 -> 2898000 | D2: ='SRB321'!E9 -> 228431300 | E2: =ROUND(D2/C2,4) -> 78.8238 | F2: ='SRB321'!F9 -> 2982235 | G2: ='SRB321'!G9 -> 225405468 | H2: =ROUND(G2/F2,4) -> 75.5827
A3: 鄭光育 | B3: 97/03/05－97/11/30 | C3: ='SRB321'!D33 -> 9735000 | D3: ='SRB321'!E33 -> 730754650 | E3: =ROUND(D3/C3,4) -> 75.0647 | F3: ='SRB321'!F33 -> 10546942 | G3: ='SRB321'!G33 -> 776171478 | H3: =ROUND(G3/F3,4) -> 73.5921
A4: 余世欽* | B4: 97/06/19－97/08/22 | C4: ='SRB321'!D77 -> 7376000 | D4: ='SRB321'!E77 -> 585214100 | E4: =ROUND(D4/C4,4) -> 79.3403 | F4: ='SRB321'!F77 -> 6728000 | G4: ='SRB321'!G77 -> 533860600 | H4: =ROUND(G4/F4,4) -> 79.3491
A5: 方翔立* | B5: 97/06/26－97/11/30 | C5: ='SRB321'!D111 -> 11116000 | D5: ='SRB321'!E111 -> 850006450 | E5: =ROUND(D5/C5,4) -> 76.4669 | F5: ='SRB321'!F111 -> 12258177 | G5: ='SRB321'!G111 -> 909393146 | H5: =ROUND(G5/F5,4) -> 74.1867
A6: *註：余世欽、方翔立因參與操縱股價之始點不同，故其等因犯罪所獲取之財物及財產上利益，應分別按各自參與之日起，以鄭光育、翁秋南合併計算之犯罪規模為基準。
G8: 翁秋南 | J8: 鄭光育
A9: 已實現獲利（虧損）（元）: | H9: 已實現獲利（虧損）（元）:
A10: 實際獲利（損失）金額 = | G10: =ROUND(C2*(H2-E2),0) -> -9392708 | H10: 實際獲利（損失）金額 = | J10: =ROUND(C3*(H3-E3),0) -> -14335761
A11: 買進股數 x （每股賣出均價－每股買進均價） | H11: 買進股數 x （每股賣出均價－每股買進均價）
A13: 調整：交易成本 | H13: 調整：交易成本
A14: 手續費（買進股數 x（每股買進均價+每股賣出均價） x 0.1425%） | G14: =ROUND(-ABS(C2*(E2+H2)*0.1425%),0) -> -637645 | H14: 手續費（買進股數 x（每股買進均價+每股賣出均價） x 0.1425%） | J14: =ROUND(-C3*(E3+H3)*0.1425%,0) -> -2062223
A15: 交易稅（買進股數 x 每股賣出均價 x 0.3%） | G15: =ROUND(-C2*H2*0.3%,0) -> -657116 | H15: 交易稅（買進股數 x 每股賣出均價 x 0.3%） | J15: =ROUND(-C3*H3*0.3%,0) -> -2149257
A16: 小計（元）： | G16: =SUM(G10,G14:G15) -> -10687469 | H16: 小計（元）： | J16: =SUM(J10,J14:J15) -> -18547241
A18: 擬制獲利（虧損）（元）： | H18: 擬制獲利（虧損）（元）：
A19: 97/03/04期初收盤價格 | G19: 71.6 | H19: 97/03/04期初收盤價格 | J19: 71.6
A20: 賣超股數（賣出股數 - 買進股數） | G20: =F2-C2 -> 84235 | H20: 賣超股數（賣出股數 - 買進股數） | J20: =F3-C3 -> 811942
A21: 擬制性獲利（虧損）金額 = | G21: =ROUND(G20*(H2-G19),0) -> 335483 | H21: 擬制性獲利（虧損）金額 = | J21: =ROUND(J20*(H3-J19),0) -> 1617470
A22: 賣超股數 x （每股賣出均價-期初收盤價格作為買價） | H22: 賣超股數 x （每股賣出均價-期初收盤價格作為買價）
A23: 調整：交易成本 | H23: 調整：交易成本
A24: 手續費（賣超股數 x（期初收盤價格 + 每股賣出均價） x 0.1425%） | G24: =ROUND(-G20*(G19+H2)*0.1425%,0) -> -17667 | H24: 手續費（賣超股數 x（期初收盤價格 + 每股賣出均價） x 0.1425%） | J24: =ROUND(-J20*(J19+H3)*0.1425%,0) -> -167990
A25: 交易稅（賣超股數 x 每股賣出均價 x 0.3%） | G25: =ROUND(-G20*H2*0.3%,0) -> -19100 | H25: 交易稅（賣超股數 x 每股賣出均價 x 0.3%） | J25: =ROUND(-J20*H3*0.3%,0) -> -179258
A26: 小計（元）： | G26: =SUM(G21,G24:G25) -> 298716 | H26: 小計（元）： | J26: =SUM(J21,J24:J25) -> 1270222
A27: 合計（元）： | G27: =SUM(G16,G26) -> -10388753 | H27: 合計（元）： | J27: =SUM(J16,J26) -> -17277019
A29: 小結：鄭光育、翁秋南在佳必琪第二段期間所獲取之財物及財產上利益，合併計為 -27,665,772元。
G31: 余世欽 | J31: 方翔立
A32: 已實現獲利（虧損）（元）: | H32: 已實現獲利（虧損）（元）:
A33: 實際獲利（損失）金額 = | G33: =ROUND(F4*(H4-E4),0) -> 59206 | H33: 實際獲利（損失）金額 = | J33: =ROUND(C5*(H5-E5),0) -> -25346703
A34: 賣出股數 x （每股賣出均價－每股買進均價） | H34: 買進股數 x（每股賣出均價－每股買進均價）
A36: 調整：交易成本 | H36: 調整：交易成本
A37: 手續費（賣出股數 x（每股買進均價+每股賣出均價） x 0.1425%） | G37: =ROUND(-ABS(F4*(E4+H4)*0.1425%),0) -> -1521419 | H37: 手續費（買進股數 x（每股買進均價+每股賣出均價） x 0.1425%） | J37: =ROUND(-C5*(E5+H5)*0.1425%,0) -> -2386398
A38: 交易稅（賣出股數 x 每股賣出均價 x 0.3%） | G38: =ROUND(-F4*H4*0.3%,0) -> -1601582 | H38: 交易稅（買進股數 x 每股賣出均價 x 0.3%） | J38: =ROUND(-C5*H5*0.3%,0) -> -2473978
A39: 小計（元）： | G39: =SUM(G33,G37:G38) -> -3063795 | H39: 小計（元）： | J39: =SUM(J33,J37:J38) -> -30207079
A41: 擬制獲利（虧損）（元）： | H41: 擬制獲利（虧損）（元）：
A42: 97/08/22期末收盤價格 | G42: 79.5 | H42: 97/06/25期初收盤價格 | J42: 55.4
A43: 買超股數（買進股數 - 賣出股數） | G43: =C4-F4 -> 648000 | H43: 賣超股數（賣出股數 - 買進股數） | J43: =F5-C5 -> 1142177
A44: 擬制性獲利（虧損）金額 = | G44: =ROUND(G43*(G42-E4),0) -> 103486 | H44: 擬制性獲利（虧損）金額 = | J44: =ROUND(J43*(H5-J42),0) -> 21457737
A45: 買超股數 x （期末收盤價格作為賣價 - 每股買進均價） | H45: 賣超股數 x（每股賣出均價-期初收盤價格作為買價）
A46: 調整：交易成本 | H46: 調整：交易成本
A47: 手續費（買超股數 x（每股買進均價+期末收盤價格） x 0.1425%） | G47: =ROUND(-G43*(E4+G42)*0.1425%,0) -> -146673 | H47: 手續費（賣超股數 x（期初收盤價格 + 每股賣出均價） x 0.1425%） | J47: =ROUND(-J43*(J42+H5)*0.1425%,0) -> -210916
A48: 交易稅（買超股數 x 期末收盤價格 x 0.3%） | G48: =ROUND(-G43*G42*0.3%,0) -> -154548 | H48: 交易稅（賣超股數 x 每股賣出均價 x 0.3%） | J48: =ROUND(-J43*H5*0.3%,0) -> -254203
A49: 小計（元）： | G49: =SUM(G44,G47:G48) -> -197735 | H49: 小計（元）： | J49: =SUM(J44,J47:J48) -> 20992618
A50: 合計（元）： | G50: =SUM(G39,G49) -> -3261530 | H50: 合計（元）： | J50: =SUM(J39,J49) -> -9214461
A52: 資料出處：證交所110.1.22臺證密字第1100001312號函佳必琪 （代號:6197））檔名: SRB321_202101211105540060_rpt.doc，該表所列帳戶非本案被告所使用部分已減除（計有：詹淑惠身分證字號0000000000、0000000000、楊美鈴身分證字號0000000000、曾秋鳳身分證字號0000000000）。

Sheet SRB321
A1: 群組 | B1: 投資人姓名 | C1: 身分證字號 | D1: 買進股數 | E1: 買進金額 | F1: 賣出股數 | G1: 賣出金額
A2: 翁秋南 | B2: 楊美鈴 | C2: E222070487 | D2: 50000 | E2: 3929700 | F2: 52595 | G2: 3972518
A3: 翁秋南 | B3: 翁秋南 | C3: Q102084286 | D3: 2539000 | E3: 200105000 | F3: 2603899 | G3: 196802226
A4: 翁秋南 | B4: 姚朝順 | C4: Q102102529 | D4: 39000 | E4: 3362100 | F4: 42764 | G4: 3350998
A5: 翁秋南 | B5: 翁國富 | C5: Q122591871 | D5: 230000 | E5: 17622700 | F5: 237787 | G5: 17738748
A6: 翁秋南 | B6: 翁姚靜花 | C6: Q202148527
A7: 翁秋南 | B7: 翁莉芳 | C7: Q221624177 | D7: 20000 | E7: 1707000 | F7: 22595 | G7: 1773059
A8: 翁秋南 | B8: 翁意茹 | C8: Q223472233 | D8: 20000 | E8: 1704800 | F8: 22595 | G8: 1767919
A9: 翁秋南總計 | D9: =SUM(D2:D8) -> 2898000 | E9: =SUM(E2:E8) -> 228431300 | F9: =SUM(F2:F8) -> 2982235 | G9: =SUM(G2:G8) -> 225405468
A14: 鄭光育 | B14: 王志仁 | C14: A121775110 | D14: 1603000 | E14: 116595700 | F14: 1619873 | G14: 117757033
A15: 鄭光育 | B15: 王家修 | C15: A121891780 | D15: 50000 | E15: 3063400 | F15: 50000 | G15: 3066250
A16: 鄭光育 | B16: 曾林春桂 | C16: A203166722 | D16: 2306000 | E16: 172260600 | F16: 2334555 | G16: 173955044
A17: 鄭光育 | B17: 曾秀美 | C17: A221053095 | D17: 1019000 | E17: 83227300 | F17: 1097555 | G17: 84782594
A18: 鄭光育 | B18: 曾潔慧 | C18: A221053102 | D18: 2133000 | E18: 160242200 | F18: 2438959 | G18: 179001907
A19: 鄭光育 | B19: 郭慧敏 | C19: A223015173 | D19: 582000 | E19: 46962000 | F19: 582000 | G19: 42886300
A20: 鄭光育 | B20: 柯月華 | C20: E201556240 | D20: 150000 | E20: 11854700 | F20: 225000 | G20: 16082300
A21: 鄭光育 | B21: 張鄭幸枝 | C21: H201952101 | D21: 166000 | E21: 12305650 | F21: 289000 | G21: 20904000
A22: 鄭光育 | B22: 張宣宸 | C22: J120737436 | D22: 357000 | E22: 26347500 | F22: 439000 | G22: 28674700
A23: 鄭光育 | B23: 翁瑞隆 | C23: N120758787 | D23: 1151000 | E23: 79929400 | F23: 1231000 | G23: 88989700
A24: 鄭光育 | B24: 翁淑麗 | C24: N220754058 | D24: 178000 | E24: 14381200 | F24: 178000 | G24: 14919300
A25: 鄭光育 | B25: 曾一峰 | C25: P120468270 | D25: 30000 | E25: 2223000 | F25: 31000 | G25: 2490900
A26: 鄭光育 | B26: 曾重凱 | C26: P122497831 | D26: 30000 | E26: 2223000 | F26: 51000 | G26: 3586700
A27: 小計 | D27: =SUM(D14:D26) -> 9755000 | E27: =SUM(E14:E26) -> 731615650 | F27: =SUM(F14:F26) -> 10566942 | G27: =SUM(G14:G26) -> 777096728
C28: 帳號
A29: 減 | B29: 王家修 | C29: 64692 | D29: 20000 | E29: 861000 | F29: 20000 | G29: 925250 | H29: 該帳號非鄭光育借用
B30: 曾潔慧
B31: 張鄭幸枝
B32: 張宣宸
A33: 鄭光育總計 | D33: =D27-D29-D30-D31-D32 -> 9735000 | E33: =E27-E29-E30-E31-E32 -> 730754650 | F33: =F27-F29-F30-F31-F32 -> 10546942 | G33: =G27-G29-G30-G31-G32 -> 776171478
A36: 余世欽 | B36: 楊美鈴 | C36: E222070487 | D36: 50000 | E36: 3929700 | F36: 52595 | G36: 3972518
A37: 余世欽 | B37: 翁秋南 | C37: Q102084286 | D37: 2539000 | E37: 200105000 | F37: 2603899 | G37: 196802226
A38: 余世欽 | B38: 姚朝順 | C38: Q102102529 | D38: 39000 | E38: 3362100 | F38: 42764 | G38: 3350998
A39: 余世欽 | B39: 翁國富 | C39: Q122591871 | D39: 230000 | E39: 17622700 | F39: 237787 | G39: 17738748
A40: 余世欽 | B40: 翁姚靜花 | C40: Q202148527
A41: 余世欽 | B41: 翁莉芳 | C41: Q221624177 | D41: 20000 | E41: 1707000 | F41: 22595 | G41: 1773059
A42: 余世欽 | B42: 翁意茹 | C42: Q223472233 | D42: 20000 | E42: 1704800 | F42: 22595 | G42: 1767919
A43: 余世欽 | B43: 王志仁 | C43: A121775110 | D43: 1603000 | E43: 116595700 | F43: 1619873 | G43: 117757033
A44: 余世欽 | B44: 王家修 | C44: A121891780 | D44: 50000 | E44: 3063400 | F44: 50000 | G44: 3066250
A45: 余世欽 | B45: 曾林春桂 | C45: A203166722 | D45: 2306000 | E45: 172260600 | F45: 2334555 | G45: 173955044
A46: 余世欽 | B46: 曾秀美 | C46: A221053095 | D46: 1019000 | E46: 83227300 | F46: 1097555 | G46: 84782594
A47: 余世欽 | B47: 曾潔慧 | C47: A221053102 | D47: 2133000 | E47: 160242200 | F47: 2438959 | G47: 179001907
A48: 余世欽 | B48: 郭慧敏 | C48: A223015173 | D48: 582000 | E48: 46962000 | F48: 582000 | G48: 42886300
A49: 余世欽 | B49: 柯月華 | C49: E201556240 | D49: 150000 | E49: 11854700 | F49: 225000 | G49: 16082300
A50: 余世欽 | B50: 張鄭幸枝 | C50: H201952101 | D50: 166000 | E50: 12305650 | F50: 289000 | G50: 20904000
A51: 余世欽 | B51: 張宣宸 | C51: J120737436 | D51: 357000 | E51: 26347500 | F51: 439000 | G51: 28674700
A52: 余世欽 | B52: 翁瑞隆 | C52: N120758787 | D52: 1151000 | E52: 79929400 | F52: 1231000 | G52: 88989700
... A55: 余世欽 | B55: 曾重凱 | C55: P122497831 | D55: 30000 | E55: 2223000 | F55: 51000 | G55: 3586700
A58: 減
B59: 楊美鈴 | D59: 20000 | E59: 1439700 | F59: 32595 | G59: 2318518
B60: 翁秋南 | D60: 1015000 | E60: 73458900 | F60: 1209899 | G60: 83333726
B61: 姚朝順 | D61: 0 | E61: 0 | F61: 13764 | G61: 942898
B62: 翁國富 | D62: 100000 | E62: 7088300 | F62: 157787 | G62: 11430748
B63: 翁莉芳 | D63: 0 | E63: 0 | F63: 2595 | G63: 119059
B64: 翁意茹 | F64: 2595 | G64: 113919
B65: 王志仁 | D65: 640000 | E65: 45006500 | F65: 786873 | G65: 52351233
B66: 王家修 | D66: 50000 | E66: 3063400 | F66: 50000 | G66: 3066250
B67: 曾林春桂 | D67: 951000 | E67: 66274400 | F67: 1162555 | G67: 80088244
B68: 曾秀美 | D68: 202000 | E68: 15379600 | F68: 280555 | G68: 16574794
B69: 曾潔慧 | D69: 829000 | E69: 58849700 | F69: 1374959 | G69: 96465807
B70: 郭慧敏 | D70: 260000 | E70: 18396600 | F70: 320000 | G70: 22075900
B71: 柯月華 | D71: 50000 | E71: 3700000 | F71: 200000 | G71: 13935400
B72: 張鄭幸枝 | D72: 136000 | E72: 9537550 | F72: 264000 | G72: 18599000
B73: 張宣宸 | D73: 357000 | E73: 26347500 | F73: 439000 | G73: 28674700
B74: 翁瑞隆 | D74: 627000 | E74: 43438700 | F74: 484000 | G74: 36103100
B75: 曾一峰 | D75: 20000 | E75: 1426000 | F75: 10000 | G75: 676500
B76: 曾重凱 | D76: 20000 | E76: 1426000 | F76: 30000 | G76: 1771800
A77: 余世欽小計 | D77: =SUM(D36:D55)-SUM(D59:D76) -> 7376000 | E77: =SUM(E36:E55)-SUM(E59:E76) -> 585214100 | F77: =SUM(F36:F55)-SUM(F59:F76) -> 6728000 | G77: =SUM(G36:G55)-SUM(G59:G76) -> 533860600
A80: 方翔立 | B80: 楊美鈴 | C80: E222070487 | D80: 50000 | E80: 3929700 | F80: 52595 | G80: 3972518
A81: 方翔立 | B81: 翁秋南 | C81: Q102084286 | D81: 2539000 | E81: 200105000 | F81: 2603899 | G81: 196802226
A82: 方翔立 | B82: 姚朝順 | C82: Q102102529 | D82: 39000 | E82: 3362100 | F82: 42764 | G82: 3350998
A83: 方翔立 | B83: 翁國富 | C83: Q122591871 | D83: 230000 | E83: 17622700 | F83: 237787 | G83: 17738748
A84: 方翔立 | B84: 翁姚靜花 | C84: Q202148527
A85: 方翔立 | B85: 翁莉芳 | C85: Q221624177 | D85: 20000 | E85: 1707000 | F85: 22595 | G85: 1773059
A86: 方翔立 | B86: 翁意茹 | C86: Q223472233 | D86: 20000 | E86: 1704800 | F86: 22595 | G86: 1767919
A87: 方翔立 | B87: 王志仁 | C87: A121775110 | D87: 1603000 | E87: 116595700 | F87: 1619873 | G87: 117757033
A88: 方翔立 | B88: 王家修 | C88: A121891780 | D88: 50000 | E88: 3063400 | F88: 50000 | G88: 3066250
A89: 方翔立 | B89: 曾林春桂 | C89: A203166722 | D89: 2306000 | E89: 172260600 | F89: 2334555 | G89: 173955044
A90: 方翔立 | B90: 曾秀美 | C90: A221053095 | D90: 1019000 | E90: 83227300 | F90: 1097555 | G90: 84782594
A91: 方翔立 | B91: 曾潔慧 | C91: A221053102 | D91: 2133000 | E91: 160242200 | F91: 2438959 | G91: 179001907
A92: 方翔立 | B92: 郭慧敏 | C92: A223015173 | D92: 582000 | E92: 46962000 | F92: 582000 | G92: 42886300
A93: 方翔立 | B93: 柯月華 | C93: E201556240 | D93: 150000 | E93: 11854700 | F93: 225000 | G93: 16082300
A94: 方翔立 | B94: 張鄭幸枝 | C94: H201952101 | D94: 166000 | E94: 12305650 | F94: 289000 | G94: 20904000
A95: 方翔立 | B95: 張宣宸 | C95: J120737436 | D95: 357000 | E95: 26347500 | F95: 439000 | G95: 28674700
A96: 方翔立 | B96: 翁瑞隆 | C96: N120758787 | D96: 1151000 | E96: 79929400 | F96: 1231000 | G96: 88989700
... A99: 方翔立 | B99: 曾重凱 | C99: P122497831 | D99: 30000 | E99: 2223000 | F99: 51000 | G99: 3586700
A102: 減 | C102: 帳號
B103: 王家修 | C103: 64692 | D103: 20000 | E103: 861000 | F103: 20000 | G103: 925250 | H103: 該帳號非鄭光育借用
B104: 翁秋南 | D104: 156000 | E104: 12180000 | F104: 26000 | G104: 2049000
B105: 曾林春桂 | D105: 79000 | E105: 4579100 | F105: 0 | G105: 0
B106: 曾秀美 | D106: 202000 | E106: 15379600 | F106: 252000 | G106: 15178100
B107: 曾潔慧 | D107: 0 | E107: 0 | F107: 280000 | G107: 21392000
B108: 張鄭幸枝 | D108: 96000 | E108: 7254600 | F108: 70000 | G108: 5279900
B109: 張宣宸 | D109: 357000 | E109: 26347500 | F109: 159000 | G109: 12181700
B110: 翁瑞隆 | D110: 627000 | E110: 43438700 | F110: 484000 | G110: 36103100
A111: 方翔立小計 | D111: =SUM(D80:D99)-SUM(D103:D110) -> 11116000 | E111: =SUM(E80:E99)-SUM(E103:E110) -> 850006450 | F111: =SUM(F80:F99)-SUM(F103:F110) -> 12258177 | G111: =SUM(G80:G99)-SUM(G103:G110) -> 909393146
A113: 不列入
B114: 楊美鈴 | C114: Y220405469 | D114: 82000 | E114: 2619300 | F114: 142000 | G114: 9991700 | H114: ID非本案之楊美鈴
B115: 詹淑惠 | C115: D220347920 | D115: 33000 | E115: 1575500 | F115: 33000 | G115: 1618750 | H115: ID非本案之詹淑惠
B116: 詹淑惠 | C116: N222623949 | D116: 1000 | E116: 30500 | F116: 1000 | G116: 31850 | H116: ID非本案之詹淑惠
B117: 曾秋鳳 | C117: A221053111 | D117: 887000 | E117: 63987200 | F117: 887000 | G117: 60711300
...
